 Dungeon Crawl Stone Soup version 0.26.1 (webtiles) character file.

Game seed: 10377847970206321701

98 Gadfly the Cudgeller (level 4, -2/44 HPs)
             Began as an Ogre Gladiator on Feb 6, 2021.
             Killed from afar by Crazy Yiuf (6 damage)
             ... with a puff of flame
             ... on level 2 of the Dungeon.
             The game lasted 00:01:51 (2790 turns).

Gadfly the Cudgeller (Ogre Gladiator)               Turns: 2790, Time: 00:01:51

Health: -2/44      AC:  3    Str: 19    XL:     4   Next: 71%
Magic:  5/5        EV: 10    Int:  9    God:
Gold:   87         SH:  0    Dex: 10    Spells: 3/3 levels left

rFire    . . .     SeeInvis .   a - +1 flail
rCold    . . .     Faith    .   (no shield)
rNeg     . . .     Spirit   .   b - +0 robe
rPois    .         Reflect  .   c - +0 hat
rElec    .         Harm     .   (no cloak)
rCorr    .         Rampage  .   (gloves unavailable)
Will     .....                  (boots unavailable)
Stlth    +.........             (no amulet)
HPRegen  0.14/turn              (no ring)
MPRegen  0.09/turn              (no ring)

@: slowed, very slow
A: large, unfitting armour, tough skin 1
a: no special abilities


You were on level 2 of the Dungeon.
You visited 1 branch of the dungeon, and saw 2 of its levels.

You collected 87 gold pieces.

Inventory:

Hand Weapons
 a - a +1 flail (weapon)
Missiles
 d - 4 throwing nets
 m - 17 stones (quivered)
Armour
 b - a +0 robe (worn)
 c - a +0 hat (worn)
Scrolls
 j - a scroll of fog
 l - 4 scrolls of teleportation
Potions
 e - 3 potions of invisibility {unknown}
 f - 2 potions of mutation
 g - a potion of curing {unknown}
 h - a potion of berserk rage {unknown}
 i - a potion of resistance {unknown}
 k - a potion of lignification {unknown}


   Skills:
 - Level 2.6 Fighting
 + Level 3.0 Maces & Flails
 + Level 2.3 Throwing
 * Level 1.5 Armour
 - Level 2.6 Dodging
 * Level 2.1 Invocations
 * Level 1.4 Evocations


You had 3 spell levels left.
You didn't know any spells.
Your spell library was empty.

Dungeon Overview and Level Annotations

Branches:
Dungeon (2/15)

Altars:

Annotations:
D:2 Crazy Yiuf


Innate Abilities, Weirdness & Mutations

You are too large for most types of armour.
You have tough skin. (AC +1)


Message History

Crazy Yiuf is severely wounded.
Crazy Yiuf closely misses you.
You hit Crazy Yiuf but do no damage.
Crazy Yiuf is severely wounded.
Crazy Yiuf hits you with a +2 quarterstaff of chaos!
Crazy Yiuf burns you.
You hit Crazy Yiuf but do no damage.
Crazy Yiuf is severely wounded.
Crazy Yiuf misses you.
You closely miss Crazy Yiuf.
Crazy Yiuf is severely wounded.
Crazy Yiuf hits you with a +2 quarterstaff of chaos!
* * * LOW HITPOINT WARNING * * *
You feel yourself slow down.
You hit Crazy Yiuf.
Crazy Yiuf is almost dead.
Crazy Yiuf zaps a wand.
The puff of flame hits you!
* * * LOW HITPOINT WARNING * * *
Crazy Yiuf zaps a wand.
The puff of flame hits you.
You die...

#.# #.# #..†.# #.# #.#
#.# #....# #.# #.# #.#
#....#####.# ### ###
##..........
#..####.... #.........#
###### *####
#.#####...# ##..#.##
###..)# #....##...#
#......####.@g..#
#.###.#....
#.......#..##...#
#.###.#...#
#.#.#..#.###*####
#.......... #.########
#.###...... #.#
#.###...... #.#
########.#........ #.#
###.##.....#.#......
#.#
#..........#.#....#.
#.#
######.##.#.###.#....##


You could see Crazy Yiuf.

Vanquished Creatures
  Terence (D:2)
  Natasha (D:2)
  An adder (D:2)
  A worm (D:2)
  A dart slug (D:1)
  3 leopard geckos
  6 bats
  A giant cockroach (D:1)
  4 goblins
  2 hobgoblins (D:1)
  2 ball pythons
  4 frilled lizards
  5 kobolds
  4 rats
36 creatures vanquished.

Notes
Turn   | Place    | Note
-------+----------+-------------------------------------------
     0 | D:1      | Gadfly the Ogre Gladiator began the quest for the Orb.
     0 | D:1      | Reached XP level 1. HP: 22/22 MP: 1/1
   479 | D:1      | Reached XP level 2. HP: 28/29 MP: 2/2
   687 | D:1      | Reached skill level 1 in Invocations
  1226 | D:2      | Reached skill level 1 in Armour
  1226 | D:2      | Reached skill level 1 in Evocations
  1226 | D:2      | Reached XP level 3. HP: 22/36 MP: 2/4
  2046 | D:2      | Found a runed translucent door.
  2047 | D:2      | Noticed Crazy Yiuf
  2196 | D:2      | Noticed Terence
  2199 | D:2      | Noticed Natasha
  2213 | D:2      | Killed Terence
  2214 | D:2      | Reached XP level 4. HP: 15/44 MP: 5/5
  2215 | D:2      | Killed Natasha
  2216 | D:2      | Reached skill level 3 in Maces & Flails
  2790 | D:2      | Killed from afar by Crazy Yiuf

Illustrated notes

Levels and vault maps discovered:
D:1:      dpeg_arrival_connections, layout_basic
D:2:      layout_basic, uniq_crazy_yiuf_cottage, uniq_natasha, uniq_terence

Skill      XL: |  1  2  3  4 |
---------------+-------------+-----
Invocations    | 1 2 |  2.1
Armour         | 1 |  1.5
Evocations     | 1 |  1.4
Maces & Flails | 3 |  3.0
Fighting       | |  2.6
Throwing       | |  2.3
Dodging        | |  2.6

Action                   |  1- 3 |  4- 6 || total
-------------------------+-------+-------++-------
Melee: Flail             |   137 |     7 ||   144
Throw: Stone             |     3 |       ||     3
       Throwing net      |     1 |       ||     1
  Use: Scroll            |     6 |       ||     6
       Potion            |     2 |       ||     2
Armor: Robe              |    71 |       ||    71
Dodge: Dodged            |    97 |     4 ||   101
